 Dungeon Crawl Stone Soup version 0.23.2-1-ga50397a6bc (webtiles) character file.

Game seed: 10006955499518207451

2386 Mrkan the Grappler (level 9, -3/89 HPs)
             Began as a Troll Monk on May 18, 2019.
             Was a Priest of Dithmenos.
             Slain by a killer bee (9 damage)
             ... on level 8 of the Dungeon.
             The game lasted 00:09:27 (4297 turns).

Mrkan the Grappler (Troll Monk)                     Turns: 4297, Time: 00:09:28

Health: -3/89      AC:  6    Str: 24    XL:     9   Next: 22%
Magic:  11/11      EV: 10    Int:  6    God:    Dithmenos [***...]
Gold:   567        SH:  0    Dex: 12    Spells: 8/8 levels left

rFire    . . .     SeeInvis .     - Unarmed
rCold    . . .     Gourm    +   (no shield)
rNeg     . . .     Faith    .   a - +0 robe
rPois    .         Spirit   .   (helmet restricted)
rElec    .         Reflect  .   (no cloak)
rCorr    .         Harm     .   (gloves unavailable)
MR       .....                  (boots unavailable)
Stlth    ++........             (no amulet)
HPRegen  0.64/turn              (no ring)
MPRegen  0.12/turn              (no ring)

@: lethally poisoned (-3 -> -4), wreathed by umbra
A: large, unfitting armour, claws 3, fast metabolism 3, gourmand, regeneration
1, shaggy fur 1, tough skin 3
a: Shadow Step, Renounce Religion


You were on level 8 of the Dungeon.
You worshipped Dithmenos.
Dithmenos was most pleased with you.
You were near starving.

You visited 1 branch of the dungeon, and saw 8 of its levels.
You also visited: Ossuary.

You collected 567 gold pieces.

Inventory:

Armour
 a - a +0 robe (worn)
Jewellery
 d - an uncursed ring of positive energy {unknown}
 p - an uncursed ring of fire {unknown}
 v - a +2 amulet of reflection {unknown}
 x - an uncursed ring of magical power {unknown}
 y - an uncursed amulet of guardian spirit {unknown}
Scrolls
 c - 11 scrolls of identify {unknown}
 f - 3 scrolls of immolation {unknown}
 h - 2 scrolls of magic mapping {unknown}
 k - a scroll of noise {unknown}
 m - 3 scrolls of enchant armour {unknown}
 q - 2 scrolls of fog {unknown}
 r - a scroll of amnesia {unknown}
 z - a scroll of teleportation {unknown}
 A - a scroll of brand weapon {unknown}
 D - a scroll of blinking {unknown}
 E - 3 scrolls of enchant weapon {unknown}
Potions
 e - 2 potions of berserk rage {unknown}
 g - 2 potions of flight {unknown}
 i - 5 potions of curing
 j - 5 potions of haste {unknown}
 l - 3 potions of heal wounds {unknown}
 n - 3 potions of brilliance {unknown}
 o - 2 potions of resistance {unknown}
 s - 2 potions of agility {unknown}
 t - 4 potions of degeneration {unknown}
 u - a potion of invisibility {unknown}
 w - a potion of mutation {unknown}
 B - 2 potions of lignification {unknown}
 C - a potion of cancellation {unknown}
Comestibles
 b - 13 rations


   Skills:
 + Level 5.9 Fighting
 - Level 2.4 Dodging
 - Level 1.0 Stealth
 * Level 9.7 Unarmed Combat
 + Level 4.5 Invocations


You had 8 spell levels left.
You didn't know any spells.
Your spell library was empty.

Dungeon Overview and Level Annotations

Branches:
Dungeon (8/15)             Temple (0/1) D:6
   Lair: D:8-11

Altars:
Dithmenos
Hepliaklqana
Kikubaaqudgha
Makhleb
Okawaru
Sif Muna

Shops:
D:6 =(%:

Annotations:
D:3 2 transporters
D:6 3 runed translucent doors, kiryas's ghost, novice TrMo
D:7 1 runed translucent door, Mrkan's ghost, novice GrFi


Innate Abilities, Weirdness & Mutations

You are too large for most types of armour.
You have claws for hands.
Your metabolism is lightning-fast.
You like to eat raw meat.
Your natural rate of healing is unusually fast.
You are covered in fur. (AC +1)
You have extremely tough skin. (AC +3)


Message History

The killer bee stings you but does no damage.
The killer bee closely misses you.
The killer bee stings you but does no damage.
The killer bee misses you.
You mangle the killer bee!!
You kill the killer bee!
Dithmenos accepts your kill.
You feel sick. The killer bee closely misses you. The killer bee stings you.
* * * LOW HITPOINT WARNING * * *
You feel better. The killer bee stings you.
* * * LOW HITPOINT WARNING * * *
The killer bee stings you.
* * * LOW HITPOINT WARNING * * *
The killer bee stings you.
* * * LOW HITPOINT WARNING * * *
You are poisoned.
The killer bee poisons you! The killer bee barely misses you.
A scorpion comes into view.
You barely miss the killer bee.
You feel sick. The killer bee stings you!
You die...

####.......####
..####.#..####...#
.......#.## .....#
#...# #.##....
..#####..###...<..##.
........###...# .#
.######.#.....# ..
####yy.....#
#..†@###..#....
#s#####.....# # ..
#.......# ##
#y......# ........#
y........#
..........#
...#........


You could see a scorpion (wandering) and 2 killer bees.

Vanquished Creatures
  A hippogriff (D:7)
  A black bear (D:6)
  A hornet zombie (D:5)
  A sky beast (D:6)
  2 ice beasts
  A necrophage (D:8)
  3 ogres
  A big kobold (D:7)
  4 bullfrogs
  3 scorpions
  2 howler monkeys (D:4)
  2 killer bees (D:8)
  A crimson imp (D:5)
  A centaur zombie (D:5)
  3 hounds
  A centaur skeleton (D:6)
  An orc priest (D:5)
  A jelly (D:4)
  Terence (D:3)
  An iguana (D:4)
  Natasha (thrice) (D:2)
  A worker ant (D:4)
  2 big kobold zombies (Ossuary)
  A hound skeleton (D:5)
  8 mummies (Ossuary)
  Robin (D:2)
  A howler monkey zombie (D:7)
  3 gnolls (D:5)
  6 adders
  A shadow imp (D:5)
  An ooze (D:1)
  An adder skeleton (D:4)
  A worm (D:2)
  3 dart slugs
  8 leopard geckos
  7 orcs
  13 bats
  10 giant cockroaches
  17 goblins
  10 hobgoblins
  4 jackals (D:2)
  2 quokkas
  2 ball pythons
  6 frilled lizards
  A gnoll zombie (Ossuary)
  A hobgoblin zombie (Ossuary)
  20 kobolds
  2 kobold zombies (Ossuary)
  2 orc zombies (Ossuary)
  A quokka skeleton (D:6)
  A quokka zombie (D:5)
  3 rats
175 creatures vanquished.

Notes
Turn   | Place    | Note
-------+----------+-------------------------------------------
     0 | D:1      | Mrkan the Troll Monk began the quest for the Orb.
     0 | D:1      | Reached XP level 1. HP: 22/22 MP: 0/0
   166 | D:1      | Reached XP level 2. HP: 28/29 MP: 1/1
   433 | D:1      | Reached XP level 3. HP: 36/36 MP: 2/2
   593 | D:2      | Found a faded altar of an unknown god.
   610 | D:2      | Reached skill level 4 in Unarmed Combat
   641 | D:2      | Reached XP level 4. HP: 45/45 MP: 3/3
   660 | D:2      | Noticed Natasha
   693 | D:2      | Killed Natasha
   731 | D:2      | Noticed Robin
   746 | D:2      | Killed Robin
   771 | D:2      | Reached skill level 5 in Unarmed Combat
   779 | D:2      | Reached XP level 5. HP: 31/53 MP: 4/4
   900 | D:2      | Found a hazy altar of Hepliaklqana.
   900 | D:2      | Noticed Natasha
   920 | D:2      | Killed Natasha
   928 | D:2      | Noticed Natasha
   937 | D:2      | Killed Natasha
  1265 | D:3      | Found a shadowy altar of Dithmenos.
  1406 | D:3      | Reached XP level 6. HP: 60/62 MP: 5/5
  1476 | D:3      | Found a transporter.
  1524 | D:3      | Found an ancient bone altar of Kikubaaqudgha.
  1600 | D:3      | Noticed an ice beast
  1607 | D:3      | Killed an ice beast
  1607 | D:3      | Reached skill level 6 in Unarmed Combat
  1735 | D:3      | Noticed Terence
  1755 | D:3      | Killed Terence
  1804 | D:3      | Found a transporter.
  1940 | D:3      | Became a worshipper of Dithmenos the Shadowed
  1940 | D:3      | Reached * piety under Dithmenos
  1940 | D:3      | Reached ** piety under Dithmenos
  2265 | D:4      | Reached skill level 1 in Invocations
  2265 | D:4      | Reached XP level 7. HP: 57/70 MP: 6/6
  2297 | D:4      | Found a burning altar of Makhleb.
  2297 | D:4      | Found a deep blue altar of Sif Muna.
  2299 | D:4      | Found an ancient bone altar of Kikubaaqudgha.
  2626 | D:5      | Entered Level 5 of the Dungeon
  2635 | D:5      | Reached skill level 7 in Unarmed Combat
  2864 | D:5      | Found an iron altar of Okawaru.
  2986 | D:5      | Reached *** piety under Dithmenos
  3092 | D:6      | Found Emmyemiy's Food Shop.
  3102 | D:6      | Reached XP level 8. HP: 79/79 MP: 8/8
  3120 | D:6      | Noticed kiryas's ghost (novice TrMo)
  3126 | D:6      | Reached skill level 8 in Unarmed Combat
  3143 | D:6      | Found a runed translucent gate.
  3143 | D:6      | Found a runed translucent gate.
  3145 | D:6      | Found a runed translucent gate.
  3179 | D:6      | Found Iloiroe Puupt's Book Shop.
  3230 | D:6      | Reached skill level 5 in Fighting
  3272 | D:6      | Found a staircase to the Ecumenical Temple.
  3348 | D:6      | Found Imudwoc's Jewellery Emporium.
  3385 | D:6      | Found a sand-covered staircase.
  3391 | Ossuary  | Entered an ossuary
  3776 | D:6      | Found Pafina's Antique Weapon Shop.
  3913 | D:7      | Reached skill level 9 in Unarmed Combat
  3949 | D:7      | Found a runed translucent door.
  3949 | D:7      | Noticed Mrkan's ghost (novice GrFi)
  4004 | D:7      | Noticed a hippogriff
  4010 | D:7      | Killed a hippogriff
  4010 | D:7      | Reached XP level 9. HP: 72/89 MP: 11/11
  4297 | D:8      | Slain by a killer bee

Skill      XL: |  1  2  3  4  5  6  7  8 |
---------------+-------------------------+-----
Unarmed Combat | 4 5 6 7 9 |  9.7
Fighting       | 3 4 5 |  5.9
Invocations    | 1 2 4 |  4.5
Dodging        | |  2.4
Stealth        | |  1.0

Action                   |  1- 3 |  4- 6 |  7- 9 || total
-------------------------+-------+-------+-------++-------
Melee: Unarmed           |    80 |   171 |   238 ||   489
       Punch             |     1 |     2 |     7 ||    10
  Use: Potion            |       |       |     2 ||     2
 Stab: Sleeping          |       |     6 |     1 ||     7
  Eat: Chunk             |     2 |    12 |    14 ||    28
       Ration            |       |     1 |     1 ||     2
Armor: Robe              |    40 |    65 |    59 ||   164
Dodge: Dodged            |    40 |    76 |   177 ||   293
